PCL
LANSING LUGNUTS @ CALGARY COWBOYS
09/22/2023
 
TOP OF THE 1ST
Lansing Lugnuts batting - Pitching for Calgary Cowboys : RHP Arthur Benson
Pitching: RHP Arthur Benson
Batting: LHB Jeffrey Satterley 0-0: Ball
1-0: Ball
2-0: Ball
3-0: Base on Balls
Batting: LHB Raúl Acevedo 0-0: SINGLE (Groundball, 56D)
Jeffrey Satterley to second
Jeffrey Satterley to third
Batting: RHB Gilberto López 0-0: Hit by Pitch
Raúl Acevedo to second
Batting: RHB Júlio Caraballo 0-0: SINGLE (Line Drive, 4MD)
Jeffrey Satterley scores
Raúl Acevedo to third
Gilberto López to second
Batting: RHB Taki Chikafuji 0-0: Called Strike
0-1: Called Strike
0-2: Strikes out swinging
Batting: RHB Steve Hathaway 0-0: Called Strike
0-1: Ball
1-1: Swinging Strike
1-2: Strikes out swinging
Batting: RHB Rafael González 0-0: Ball
1-0: Called Strike
1-1: Foul Ball, location: 2F
1-2: Ball
2-2: Fly out, F8 (Line Drive, 8RM)
Top of the 1st over - 1 run(s), 2 hit(s), 0 error(s), 3 left on base; Lansing 1 - Calgary 0
BOTTOM OF THE 1ST
Calgary Cowboys batting - Pitching for Lansing Lugnuts : RHP Gary Grimes
Pitching: RHP Gary Grimes
Batting: RHB Clark Hodge 0-0: Ball
1-0: Foul Ball, location: 2F
1-1: Swinging Strike
1-2: Ball
2-2: Ball
3-2: Strikes out swinging
Batting: RHB Mike Wilcox 0-0: Ball
1-0: Foul Ball, location: 2F
1-1: Called Strike
1-2: Ball
2-2: Foul Ball, location: 2F
2-2: Foul Ball, location: 2F
2-2: DOUBLE (Flyball, 7LM)
Batting: RHB Dan Wyatt 0-0: Ball
1-0: Ground out 1-3 (Groundball, 13)
Mike Wilcox to third
Batting: RHB Cristián Peña 0-0: DOUBLE (Flyball, 7D)
Mike Wilcox scores
Batting: LHB Al Ryan 0-0: Fly out, F8 (Flyball, 8LD)
Bottom of the 1st over - 1 run(s), 2 hit(s), 0 error(s), 1 left on base; Lansing 1 - Calgary 1
TOP OF THE 2ND
Lansing Lugnuts batting - Pitching for Calgary Cowboys : RHP Arthur Benson
Batting: RHB Yasuoka Tanaka 0-0: Ball
1-0: Foul Ball, location: 2F
1-1: SINGLE (Groundball, 56D)
Batting: RHB Gordon Langley 0-0: Ball
1-0: DOUBLE (Flyball, 8LXD)
Yasuoka Tanaka to third
Pinch Runner at 2nd Howard Daniel:
Batting: LHB Jeffrey Satterley 0-0: Foul Ball, location: 2F
0-1: Foul Ball, location: 2F
0-2: Ball
1-2: Ball
2-2: Ball
3-2: Fly out, F5 (Line Drive, 5S)
Batting: LHB Raúl Acevedo 0-0: Foul Ball, location: 2F
0-1: Ball
1-1: Ball
2-1: Ball
3-1: Base on Balls
Batting: RHB Gilberto López 0-0: Ball
1-0: Ball
2-0: Foul Ball, location: 2F
2-1: Swinging Strike
2-2: Ball
3-2: Foul Ball, location: 2F
3-2: Base on Balls
Yasuoka Tanaka scores
Howard Daniel to third
Raúl Acevedo to second
Batting: RHB Júlio Caraballo 0-0: Grounds into double play, 6-4-3 (Groundball, 6)
Top of the 2nd over - 1 run(s), 2 hit(s), 0 error(s), 2 left on base; Lansing 2 - Calgary 1
BOTTOM OF THE 2ND
Calgary Cowboys batting - Pitching for Lansing Lugnuts : RHP Gary Grimes
Now at C: Howard Daniel
Batting: RHB Derek Carr 0-0: Ball
1-0: Foul Ball, location: 2F
1-1: Swinging Strike
1-2: Foul Ball, location: 2F
1-2: Ball
2-2: Strikes out looking
Batting: RHB Ramón Martínez 0-0: Foul Ball, location: 2F
0-1: Fly out, F8 (Flyball, 8LXD)
Batting: RHB Steven Jennings 0-0: Ball
1-0: Ball
2-0: Foul Ball, location: 2F
2-1: Ground out 4-3 (Groundball, 4M)
Bottom of the 2nd over - 0 run(s), 0 hit(s), 0 error(s), 0 left on base; Lansing 2 - Calgary 1
TOP OF THE 3RD
Lansing Lugnuts batting - Pitching for Calgary Cowboys : RHP Arthur Benson
Batting: RHB Taki Chikafuji 0-0: Ball
1-0: Ball
2-0: Foul Ball, location: 2F
2-1: Ball
3-1: Base on Balls
Batting: RHB Steve Hathaway 0-0: Fly out, F4 (Popup, 3F)
Batting: RHB Rafael González 0-0: Ball
1-0: Ball
Wild Pitch!
Taki Chikafuji to second
2-0: Ball
3-0: Called Strike
3-1: Base on Balls
Batting: RHB Yasuoka Tanaka 0-0: Called Strike
Taki Chikafuji steals 3rd base
Rafael González to second
0-1: Ball
1-1: Ball
2-1: Foul Ball, location: 2F
2-2: Ball
3-2: Base on Balls
Batting: RHB Howard Daniel 0-0: Called Strike
0-1: Foul Ball, location: 2F
0-2: Strikes out swinging
Batting: LHB Jeffrey Satterley 0-0: Called Strike
0-1: Ball
1-1: Ball
2-1: Called Strike
2-2: Foul Ball, location: 2F
2-2: Foul Ball, location: 2F
2-2: Ball
3-2: Foul Ball, location: 2F
3-2: Foul Ball, location: 2F
3-2: Base on Balls
Taki Chikafuji scores
Rafael González to third
Yasuoka Tanaka to second
Batting: LHB Raúl Acevedo 0-0: Ball
1-0: Ball
2-0: Foul Ball, location: 2F
2-1: Ball
3-1: Base on Balls
Rafael González scores
Yasuoka Tanaka to third
Jeffrey Satterley to second
Batting: RHB Gilberto López 0-0: Ground out 2-3 (Groundball, 2R)
Top of the 3rd over - 2 run(s), 0 hit(s), 0 error(s), 3 left on base; Lansing 4 - Calgary 1
BOTTOM OF THE 3RD
Calgary Cowboys batting - Pitching for Lansing Lugnuts : RHP Gary Grimes
Batting: LHB Freddy Herrera 0-0: Ball
1-0: Swinging Strike
1-1: SINGLE (Line Drive, 4D)
Batting: RHB Clark Hodge 0-0: Ball
1-0: Fly out, F8 (Flyball, 8LD)
Batting: RHB Mike Wilcox 0-0: Swinging Strike
0-1: Ball
1-1: Ball
2-1: Called Strike
2-2: Fielders Choice at 2nd, 3-6 (Groundball, 3)
Batting: RHB Dan Wyatt 0-0: Ball
1-0: Ball
2-0: Foul Ball, location: 2F
2-1: Fly out, F8 (Popup, 8RS)
Bottom of the 3rd over - 0 run(s), 1 hit(s), 0 error(s), 1 left on base; Lansing 4 - Calgary 1
TOP OF THE 4TH
Lansing Lugnuts batting - Pitching for Calgary Cowboys : RHP Arthur Benson
Batting: RHB Júlio Caraballo 0-0: Ball
1-0: Ball
2-0: Ball
3-0: Called Strike
3-1: Base on Balls
Batting: RHB Taki Chikafuji 0-0: Ball
1-0: Called Strike
1-1: Ball
2-1: Ball
3-1: Base on Balls
Júlio Caraballo to second
Batting: RHB Steve Hathaway 0-0: Ball
1-0: Ball
2-0: Ball
Wild Pitch!
Júlio Caraballo to third
Taki Chikafuji to second
3-0: Base on Balls
Pitching: RHP Aluizio Subgua
Batting: RHB Rafael González 0-0: Called Strike
0-1: Ball
1-1: Swinging Strike
1-2: Ball
2-2: Ball
3-2: Base on Balls
Júlio Caraballo scores
Taki Chikafuji to third
Steve Hathaway to second
Batting: RHB Yasuoka Tanaka 0-0: Ball
1-0: Ball
2-0: Ball
3-0: Called Strike
3-1: Foul Ball, location: 2F
3-2: Base on Balls
Taki Chikafuji scores
Steve Hathaway to third
Rafael González to second
Batting: RHB Howard Daniel 0-0: Swinging Strike
0-1: Called Strike
0-2: Strikes out looking
Batting: LHB Jeffrey Satterley 0-0: Called Strike
0-1: Foul Ball, location: 2F
0-2: Foul Ball, location: 2F
0-2: Ball
Wild Pitch!
Steve Hathaway scores
Rafael González to third
Yasuoka Tanaka to second
1-2: Fly out, F7 (Flyball, 7S)
Batting: LHB Raúl Acevedo 0-0: Swinging Strike
0-1: 3-RUN HOME RUN (Flyball, 9D), Distance : 377 ft
Batting: RHB Gilberto López 0-0: Reached on error, E5 (Groundball, 56)
Batting: RHB Júlio Caraballo 0-0: Ball
1-0: Called Strike
1-1: Called Strike
1-2: Strikes out looking
Top of the 4th over - 6 run(s), 1 hit(s), 1 error(s), 1 left on base; Lansing 10 - Calgary 1
BOTTOM OF THE 4TH
Calgary Cowboys batting - Pitching for Lansing Lugnuts : RHP Gary Grimes
Batting: RHB Cristián Peña 0-0: Ball
1-0: SINGLE (Groundball, 4MD)
Batting: LHB Al Ryan 0-0: Called Strike
0-1: Ball
1-1: Ball
2-1: Swinging Strike
2-2: Foul Ball, location: 2F
2-2: Strikes out swinging
Batting: RHB Derek Carr 0-0: Called Strike
0-1: Ball
1-1: Called Strike
1-2: Strikes out swinging
Batting: RHB Ramón Martínez 0-0: Ball
1-0: Ball
2-0: Ball
3-0: Base on Balls
Cristián Peña to second
Batting: RHB Steven Jennings 0-0: Foul Ball, location: 2F
0-1: Swinging Strike
0-2: Strikes out swinging
Bottom of the 4th over - 0 run(s), 1 hit(s), 0 error(s), 2 left on base; Lansing 10 - Calgary 1
TOP OF THE 5TH
Lansing Lugnuts batting - Pitching for Calgary Cowboys : RHP Aluizio Subgua
Batting: RHB Taki Chikafuji 0-0: SINGLE (Line Drive, 7LS)
Batting: RHB Steve Hathaway 0-0: Foul Ball, location: 2F
0-1: Ball
1-1: Grounds into double play, 6-4-3 (Groundball, 6)
Batting: RHB Rafael González 0-0: Ball
1-0: Ball
2-0: Reached on error, E6 (Groundball, 6M)
Batting: RHB Yasuoka Tanaka 0-0: Ball
1-0: Called Strike
1-1: Ball
2-1: Ground out 2-3 (Groundball, 25)
Top of the 5th over - 0 run(s), 1 hit(s), 1 error(s), 1 left on base; Lansing 10 - Calgary 1
BOTTOM OF THE 5TH
Calgary Cowboys batting - Pitching for Lansing Lugnuts : RHP Gary Grimes
Batting: LHB Freddy Herrera 0-0: Foul Ball, location: 2F
0-1: Called Strike
0-2: Ball
1-2: SINGLE (Flyball, 7S)
Batting: RHB Clark Hodge 0-0: Ball
1-0: Ball
2-0: Fly out, F7 (Flyball, 78M)
Batting: RHB Mike Wilcox 0-0: Hit by Pitch
Freddy Herrera to second
Batting: RHB Dan Wyatt 0-0: Ball
1-0: Ball
2-0: Foul Ball, location: 2F
2-1: Ground out 4-3 (Groundball, 6M)
Freddy Herrera to third
Mike Wilcox to second
Batting: RHB Cristián Peña 0-0: Called Strike
0-1: Ball
1-1: Ball
2-1: DOUBLE (Line Drive, 89M)
Freddy Herrera scores
Mike Wilcox scores
Batting: LHB Al Ryan 0-0: Ball
1-0: Ground out 4-3 (Groundball, 13)
Bottom of the 5th over - 2 run(s), 2 hit(s), 0 error(s), 1 left on base; Lansing 10 - Calgary 3
TOP OF THE 6TH
Lansing Lugnuts batting - Pitching for Calgary Cowboys : RHP Aluizio Subgua
Pitching: LHP Mario Rosário
Batting: RHB Howard Daniel 0-0: Ball
1-0: Ball
2-0: Called Strike
2-1: Foul Ball, location: 2F
2-2: Ground out 4-3 (Groundball, 4)
Batting: LHB Jeffrey Satterley 0-0: Ball
1-0: SINGLE (Line Drive, 34)
Batting: LHB Raúl Acevedo 0-0: Ball
1-0: Ball
2-0: Grounds into double play, 4-6-3 (Groundball, 4)
Top of the 6th over - 0 run(s), 1 hit(s), 0 error(s), 0 left on base; Lansing 10 - Calgary 3
BOTTOM OF THE 6TH
Calgary Cowboys batting - Pitching for Lansing Lugnuts : RHP Gary Grimes
Pitching: LHP Steve Paredes
Batting: RHB Derek Carr 0-0: Ball
1-0: Bunt missed!
1-1: Ball
2-1: Foul Ball, location: 2F
2-2: Strikes out swinging
Batting: RHB Ramón Martínez 0-0: Called Strike
0-1: SOLO HOME RUN (Flyball, 78XD), Distance : 411 ft
Batting: RHB Steven Jennings 0-0: Called Strike
0-1: Foul Ball, location: 2F
0-2: Foul Ball, location: 2F
0-2: Foul Ball, location: 2F
0-2: Foul Ball, location: 2F
0-2: Ball
1-2: Ball
2-2: Foul Ball, location: 2F
2-2: Strikes out swinging
Batting: LHB Freddy Herrera 0-0: Foul Ball, location: 2F
0-1: Ball
1-1: Foul Ball, location: 2F
1-2: Strikes out looking
Bottom of the 6th over - 1 run(s), 1 hit(s), 0 error(s), 0 left on base; Lansing 10 - Calgary 4
TOP OF THE 7TH
Lansing Lugnuts batting - Pitching for Calgary Cowboys : LHP Mario Rosário
Batting: RHB Gilberto López 0-0: Called Strike
0-1: Foul Ball, location: 2F
0-2: Ball
1-2: Foul Ball, location: 2F
1-2: Strikes out swinging
Batting: RHB Júlio Caraballo 0-0: Ball
1-0: Ball
2-0: Foul Ball, location: 2F
2-1: Ball
3-1: Ground out U3 (Groundball, 3S)
Batting: RHB Taki Chikafuji 0-0: Ball
1-0: Ball
2-0: Ball
3-0: Called Strike
3-1: Foul Ball, location: 2F
3-2: Foul Ball, location: 2F
3-2: Base on Balls
Batting: RHB Steve Hathaway 0-0: Ball
1-0: SINGLE (Groundball, 5D)
Taki Chikafuji to second
Batting: RHB Rafael González 0-0: Ball
1-0: Foul Ball, location: 2F
1-1: Called Strike
1-2: Ball
2-2: Foul Ball, location: 2F
2-2: Foul Ball, location: 2F
2-2: Ball
3-2: SINGLE (Groundball, 56)
Taki Chikafuji to third
Steve Hathaway to second
Taki Chikafuji scores
Steve Hathaway to third
Batting: RHB Yasuoka Tanaka 0-0: Ball
1-0: Called Strike
1-1: Ball
2-1: Fly out, F8 (Flyball, 8RM)
Top of the 7th over - 1 run(s), 2 hit(s), 0 error(s), 2 left on base; Lansing 11 - Calgary 4
BOTTOM OF THE 7TH
Calgary Cowboys batting - Pitching for Lansing Lugnuts : LHP Steve Paredes
Pitching: LHP Carlos Flores
Batting: RHB Clark Hodge 0-0: Swinging Strike
0-1: Swinging Strike
0-2: Strikes out swinging
Batting: RHB Mike Wilcox 0-0: Ball
1-0: Ball
2-0: Swinging Strike
2-1: Called Strike
2-2: Strikes out swinging
Batting: RHB Dan Wyatt 0-0: Ball
1-0: Fly out, F7 (Flyball, 78D)
Bottom of the 7th over - 0 run(s), 0 hit(s), 0 error(s), 0 left on base; Lansing 11 - Calgary 4
TOP OF THE 8TH
Lansing Lugnuts batting - Pitching for Calgary Cowboys : LHP Mario Rosário
Pitching: RHP Nick Ruby
Batting: RHB Howard Daniel 0-0: Ball
1-0: SINGLE (Groundball, 56)
Batting: LHB Jeffrey Satterley 0-0: Called Strike
0-1: Swinging Strike
0-2: Foul Ball, location: 2F
0-2: Ball
1-2: Strikes out swinging
Batting: LHB Raúl Acevedo 0-0: Called Strike
0-1: Ball
1-1: Called Strike
1-2: Ball
2-2: Strikes out swinging
Batting: RHB Gilberto López 0-0: Ball
1-0: Ball
2-0: Swinging Strike
2-1: Ball
3-1: Base on Balls
Howard Daniel to second
Batting: RHB Júlio Caraballo 0-0: Ball
1-0: Reached on Error, E7 (Flyball, 7D)
Howard Daniel scores
Gilberto López to third
Batting: RHB Taki Chikafuji 0-0: Foul Ball, location: 2F
0-1: DOUBLE (Flyball, 9LD)
Gilberto López scores
Júlio Caraballo scores
Batting: RHB Steve Hathaway 0-0: Ball
1-0: SINGLE (Groundball, 6MD)
Taki Chikafuji to third
Runner from 3rd tries for Home, throw and OUT!
Top of the 8th over - 3 run(s), 3 hit(s), 1 error(s), 1 left on base; Lansing 14 - Calgary 4
BOTTOM OF THE 8TH
Calgary Cowboys batting - Pitching for Lansing Lugnuts : LHP Carlos Flores
Batting: RHB Cristián Peña 0-0: Ball
1-0: Foul Ball, location: 2F
1-1: Foul Ball, location: 2F
1-2: Ball
2-2: Ground out 6-3 (Groundball, 6)
Batting: LHB Al Ryan 0-0: Swinging Strike
0-1: Ball
1-1: Ball
2-1: Foul Ball, location: 2F
2-2: Foul Ball, location: 2F
2-2: Foul Ball, location: 2F
2-2: Ball
3-2: Foul Ball, location: 2F
3-2: Base on Balls
Batting: RHB Derek Carr 0-0: Called Strike
0-1: Fly out, F9 (Flyball, 9M)
Batting: RHB Ramón Martínez 0-0: Called Strike
0-1: Ball
1-1: Ball
2-1: Foul Ball, location: 2F
2-2: Foul Ball, location: 2F
2-2: Strikes out looking
Bottom of the 8th over - 0 run(s), 0 hit(s), 0 error(s), 1 left on base; Lansing 14 - Calgary 4
TOP OF THE 9TH
Lansing Lugnuts batting - Pitching for Calgary Cowboys : RHP Nick Ruby
Batting: RHB Rafael González 0-0: Called Strike
0-1: Fly out, F7 (Flyball, 7LD)
Batting: RHB Yasuoka Tanaka 0-0: Ball
1-0: Ball
2-0: Ball
3-0: Base on Balls
Batting: RHB Howard Daniel 0-0: Ball
1-0: SINGLE (Line Drive, 9S)
Yasuoka Tanaka to second
Batting: LHB Jeffrey Satterley 0-0: Called Strike
0-1: Ball
1-1: Foul Ball, location: 2F
1-2: Foul Ball, location: 2F
1-2: Ball
2-2: SINGLE (Groundball, 4MD)
Yasuoka Tanaka to third
Howard Daniel to second
Pitching: RHP Takafumi Ogusuku
Batting: LHB Raúl Acevedo 0-0: Called Strike
0-1: Foul Ball, location: 2F
0-2: Fly out, F7 (Flyball, 7LM)
Runner from 3rd tags up, SCORES, throw made
Batting: RHB Gilberto López 0-0: Ball
1-0: Ball
2-0: Called Strike
2-1: Ball
3-1: Foul Ball, location: 2F
3-2: Base on Balls
Howard Daniel to third
Jeffrey Satterley to second
Batting: RHB Júlio Caraballo 0-0: Foul Ball, location: 2F
0-1: Ball
1-1: Called Strike
1-2: Ball
2-2: Ball
3-2: Strikes out looking
Top of the 9th over - 1 run(s), 2 hit(s), 0 error(s), 3 left on base; Lansing 15 - Calgary 4
BOTTOM OF THE 9TH
Calgary Cowboys batting - Pitching for Lansing Lugnuts : LHP Carlos Flores
Pitching: RHP José Romano
Batting: RHB Steven Jennings 0-0: Ground out 6-3 (Groundball, 6)
Batting: LHB Freddy Herrera 0-0: Foul Ball, location: 2F
0-1: Called Strike
0-2: Strikes out looking
Pinch Hitting: RHB Shayne Burry 0-0: Ball
1-0: Called Strike
1-1: Ball
2-1: Called Strike
2-2: Ball
3-2: Strikes out swinging
Bottom of the 9th over - 0 run(s), 0 hit(s), 0 error(s), 0 left on base; Lansing 15 - Calgary 4
This league is powered by Out of the Park Baseball, the baseball management simulation game for PC, Mac and Linux
Wednesday, December 2nd, 2015 - OOTP Baseball 16.8 Build 38